 Dungeon Crawl Stone Soup version 0.28-a0-1415-g7c84da036a (webtiles) character file.

Game seed: 6353322420165740284

574 AverageBear the Sneak (level 7, -9/50 HPs)
             Began as a Demonspawn Gladiator on Jan 8, 2022.
             Killed by divine providence
             ... invoked by an orc priest
              (17 damage)
             ... on level 4 of the Dungeon.
             The game lasted 00:05:18 (2940 turns).

AverageBear the Sneak (Demonspawn Gladiator)        Turns: 2940, Time: 00:05:19

Health: -9/50      AC: 12    Str: 14      XL:     7   Next: 12%
Magic:  7/7        EV: 11    Int: 11      God:
Gold:   139        SH:  0    Dex: 14 (15) Spells: 6/6 levels left

rFire   . . .      SeeInvis .   h - +2 short sword (vamp)
rCold   . . .      Faith    .   (no shield)
rNeg    . . .      Spirit   .   g - +0 ring mail
rPois   .          Reflect  .   (helmet restricted)
rElec   .          Harm     .   (no cloak)
rCorr   .          Rampage  .   (no gloves)
Will    .....                   e - +0 pair of boots
Stlth   +++.......              (no amulet)
HPRegen 0.16/turn               (no ring)
MPRegen 0.10/turn               (no ring)

@: sanguine armoured
A: horns 2, sanguine armour 1
a: no special abilities


You were on level 4 of the Dungeon.
You visited 2 branches of the dungeon, and saw 5 of its levels.

You collected 139 gold pieces.

Inventory:

Hand Weapons
 a - a +0 rapier
 h - a +2 vampiric short sword (weapon)
Missiles
 d - 2 throwing nets (quivered)
 f - 4 boomerangs of dispersal
 m - 5 atropa-tipped darts
Armour
 b - a +0 leather armour
 c - a +0 helmet
 e - a +0 pair of boots (worn)
 g - a +0 ring mail (worn)
Jewellery
 i - a ring of fire
Wands
 j - a wand of polymorph (2)
Scrolls
 k - a scroll of teleportation {unknown}


   Skills:
 - Level 2.0 Fighting
 - Level 4.1 Short Blades
 - Level 1.7 Throwing
 - Level 2.6 Dodging
 + Level 6.7 Stealth


You had 6 spell levels left.
You didn't know any spells.
Your spell library was empty.

Dungeon Overview and Level Annotations

Branches:
Dungeon (4/15)             Temple (1/1) D:4

Altars:
Ashenzari
Dithmenos
Elyvilon
Fedhas
Hepliaklqana
Kikubaaqudgha
Nemelex Xobeh
Okawaru
Ru
Trog
Wu Jian
Xom

Shops:
D:2 (


Innate Abilities, Weirdness & Mutations

You have a pair of horns on your head.
When seriously injured, your blood forms armour. (AC +6)


Message History

You hit the orc priest.
You feel better.
You headbutt the orc priest, but do no damage.
The orc priest is almost dead.
You feel less confused.
The orc wizard hits you but does no damage.
The orc priest hits you but does no damage.
Something hits you but does no damage.
You closely miss the orc priest.
The orc priest is almost dead.
The orc wizard hits you but does no damage.
The orc priest barely misses you. Something hits you but does no damage.
You hit the orc priest but do no damage.
The orc priest is almost dead.
The orc wizard hits you but does no damage.
The orc barely misses you.
The orc priest hits you but does no damage.
Something hits you but does no damage.
Unknown command.
You barely miss the orc priest.
The orc priest is almost dead.
The orc wizard hits you but does no damage.
The orc misses you.
The orc priest hits you with a +0 dagger.
* * * LOW HITPOINT WARNING * * *
Something hits you but does no damage.
You closely miss the orc priest.
The orc priest is almost dead.
The orc wizard misses you. The orc closely misses you.
The orc priest invokes the aid of Beogh against you.
Pain shoots through your body!
* * * LOW HITPOINT WARNING * * *
Something hits you but does no damage.
You hit the orc priest but do no damage.
The orc priest is almost dead.
The orc wizard hits you with a +0 dagger.
* * * LOW HITPOINT WARNING * * *
The orc barely misses you.
The orc priest invokes the aid of Beogh against you.
Beogh smites you!
You die...

.........#..#
.............#
.............#
...........###
......##.##
......##.####
.......)##..##
.####.#....o.#
#####.@{.###
#.....oo...#
#.....#.)..##
#....####....#
........o...###
.........#..#
#:.........##
.#...##...## .#
....


You could see an orc priest, an orc wizard and an orc.

Vanquished Creatures
  Grinder (D:3)
  A centaur (D:4)
  A hound (D:4)
  A centaur skeleton (D:4)
  Jessica (D:3)
  An orc wizard (D:3)
  Natasha (thrice) (D:3)
  Robin (D:3)
  3 adders
  A worm (D:2)
  4 orcs
  8 ball pythons
  7 bats
  2 endoplasms
  2 giant cockroaches
  11 goblins
  9 hobgoblins
  3 quokkas
  3 frilled lizards
  4 kobolds
  5 rats
72 creatures vanquished.

Notes
Turn   | Place    | Note
-------+----------+-------------------------------------------
     0 | D:1      | AverageBear the Demonspawn Gladiator began the quest for
                  | the Orb.
     0 | D:1      | Reached XP level 1. HP: 16/16 MP: 1/1
   246 | D:1      | Gained mutation: You have a pair of small horns on your
                  | head. [demonic ancestry]
   246 | D:1      | Reached XP level 2. HP: 22/22 MP: 2/2
   917 | D:1      | Found a faded altar of an unknown god.
  1123 | D:2      | Reached XP level 3. HP: 27/27 MP: 3/3
  1302 | D:2      | Found Leap's Weapon Emporium.
  1303 | D:2      | You fall into a shaft and drop 1 floor!
  1344 | D:3      | Reached skill level 1 in Stealth
  1354 | D:3      | Reached skill level 2 in Stealth
  1354 | D:3      | Gained mutation: When seriously injured, your blood forms
                  | armour. (AC +6) [demonic ancestry]
  1354 | D:3      | Reached XP level 4. HP: 14/33 MP: 4/4
  1496 | D:3      | Found a bloodstained altar of Trog.
  1530 | D:3      | Noticed Natasha
  1541 | D:3      | Killed Natasha
  1603 | D:3      | Noticed Jessica
  1638 | D:3      | Killed Jessica
  1639 | D:3      | Reached skill level 3 in Stealth
  1639 | D:3      | Reached XP level 5. HP: 24/38 MP: 5/5
  1766 | D:3      | Noticed Natasha
  1769 | D:3      | Noticed Robin
  1794 | D:3      | Killed Natasha
  1841 | D:3      | Killed Robin
  1842 | D:3      | Reached skill level 4 in Stealth
  2191 | D:3      | Noticed Natasha
  2202 | D:3      | Killed Natasha
  2362 | D:3      | Noticed Grinder
  2382 | D:3      | Paralysed by Grinder for 2 turns
  2394 | D:3      | Killed Grinder
  2395 | D:3      | Reached skill level 5 in Stealth
  2395 | D:3      | Gained mutation: You have a pair of horns on your head.
                  | [demonic ancestry]
  2395 | D:3      | Reached XP level 6. HP: 17/44 MP: 6/6
  2646 | D:3      | Found an ornate altar of the Wu Jian Council.
  2704 | D:4      | Found a staircase to the Ecumenical Temple.
  2712 | Temple   | Entered the Ecumenical Temple
  2891 | D:4      | Reached skill level 6 in Stealth
  2906 | D:4      | Reached XP level 7. HP: 46/50 MP: 7/7
  2940 | D:4      | Killed from afar by an orc priest

Illustrated notes

Levels and vault maps discovered:
D:1:      dpeg_arrival_oval, layout_basic, hellmonk_ecumenical_altar_arch_garden
D:2:      layout_basic, serial_shops, nicolae_diamond_shop,
          chequers_serial_rivers_micro_c
D:3:      layout_rooms, mainiacjoe_overflow_tiny_flanked,
          general_overflow_altar, nrook_campfire, kennysheep_minor_cross,
          uniq_robin, uniq_natasha, uniq_grinder, uniq_jessica
D:4:      layout_cave_pools, minmay_temple_entry_drinking_statues,
          enter_ossuary_2
Temple:   eino_wide_crystal_templ

Skill      XL: |  1  2  3  4  5  6 |
---------------+-------------------+-----
Short Blades   | 3 4 |  4.1
Stealth        | 2 3 5 6 |  6.7
Fighting       | |  2.0
Throwing       | |  1.7
Dodging        | |  2.6

Action                   |  1- 3 |  4- 6 |  7- 9 || total
-------------------------+-------+-------+-------++-------
Melee: Rapier            |    76 |       |       ||    76
       Headbutt          |    15 |    18 |     4 ||    37
       Short sword       |    19 |   144 |    20 ||   183
       Punch             |       |     1 |       ||     1
       Unarmed           |       |     6 |       ||     6
Throw: Throwing net      |       |     3 |       ||     3
  Use: Scroll            |       |     4 |       ||     4
       Potion            |       |     2 |       ||     2
 Stab: Sleeping          |     1 |     2 |       ||     3
Armor: Leather armour    |    29 |       |       ||    29
       Ring mail         |     7 |    51 |    18 ||    76
       Skin              |       |     1 |       ||     1
Dodge: Dodged            |    63 |    96 |    13 ||   172

Table legend: (Time is in decaauts)
 A = Elapsed time spent in this place.
 B = Non-inter-level travel time spent in this place.
 C = Inter-level travel time spent in this place.
 D = Time resting spent in this place.
 E = Time spent auto-exploring this place.
 F = Levels seen in this place.
 G = Mean time per level.
                   A        B        C        D        E       F      G
               +--------+--------+--------+--------+--------+-----+--------+
         Total |   2930 |   2794 |    136 |    415 |   1639 |   5 |  586.0 |
       Dungeon |   2884 |   2748 |    136 |    415 |   1639 |   4 |  721.0 |
        Temple |     46 |     46 |      0 |      0 |      0 |   1 |   46.0 |
               +--------+--------+--------+--------+--------+-----+--------+

Top non-repeatable levels by time:
     D:3: 1306 daAuts
     D:1: 1099 daAuts
     D:2: 295 daAuts
     D:4: 182 daAuts
  Temple: 46 daAuts
